 Dungeon Crawl Stone Soup version 0.29.1-1-gd02db6906a (webtiles) character file.

Game seed: 15916146735060896576

383 xian the Cudgeller (level 6, -3/36 HPs)
             Began as a Gargoyle Gladiator on Oct 2, 2022.
             Slain by an ogre
             ... wielding a +0 giant club
              (12 damage)
             ... on level 4 of the Dungeon on Oct 3, 2022.
             The game lasted 00:06:51 (3544 turns).

xian the Cudgeller (Gargoyle Gladiator)             Turns: 3544, Time: 00:06:51

Health: -3/36      AC: 20    Str: 19    XL:     6   Next: 76%
Magic:  6/6        EV:  8    Int:  9    God:
Gold:   73         SH:  0    Dex: 11    Spells: 5/5 levels left

rFire   . . .      SeeInvis .   a - +0 flail
rCold   . . .      Faith    .   (no shield)
rNeg    + . .      Spirit   .   m - +0 chain mail
rPois   ∞          Reflect  .   c - +0 helmet
rElec   +          Harm     .   (no cloak)
rCorr   .          Rampage  .   k - +0 pair of gloves
Will    .....                   g - +0 pair of boots
Stlth   ..........              (no amulet)
HPRegen 0.12/turn               j - +4 ring of protection
MPRegen 0.10/turn               o - ring of flight

@: flying
A: sickness immunity, AC +4, negative energy resistance 1, electricity
resistance, torment resistance 1, petrification resistance
a: no special abilities


You were on level 4 of the Dungeon.
You visited 1 branch of the dungeon, and saw 4 of its levels.

You collected 129 gold pieces.
You spent 56 gold pieces at shops.

Inventory:

Hand Weapons
 a - a +0 flail (weapon)
Missiles
 d - 2 throwing nets
 r - 14 stones
 t - 2 poisoned darts
 w - 8 javelins (quivered)
Armour
 c - a +0 helmet (worn)
 g - a +0 pair of boots (worn)
 k - a +0 pair of gloves (worn)
 m - a +0 chain mail (worn)
Jewellery
 j - a +4 ring of protection (left hand)
 o - a ring of flight (right hand)
 y - a ring of positive energy
Scrolls
 b - a scroll of fog {unknown}
 f - a scroll of blinking
 i - a scroll of fear
 q - 2 scrolls of torment
 s - 2 scrolls of immolation
 v - a scroll of summoning
Potions
 e - a potion of berserk rage {unknown}
 h - 3 potions of curing {unknown}
 l - 3 potions of mutation {unknown}
 p - a potion of might {unknown}
 u - a potion of flight {unknown}
 x - 2 potions of heal wounds {unknown}
 z - a potion of cancellation {unknown}


   Skills:
 + Level 2.9 Fighting
 + Level 5.7 Maces & Flails
 + Level 2.4 Throwing
 + Level 2.6 Armour
 + Level 3.1 Dodging
 + Level 0.3 Stealth


You had 5 spell levels left.
You didn't know any spells.
Your spell library contained the following spells:

 Spells                   Type           Power      Damage    Failure   Level
 Blink                    Tloc           0%         N/A       100%        2
 Ozocubu's Armour         Ice            0%         N/A       100%        3
 Iskenderun's Battlesphe  Conj           0%         2d6       100%        5
 Manifold Assault         Tloc           0%         N/A       100%        5
 Iron Shot                Conj/Erth      0%         9d1       100%        6
 Ozocubu's Refrigeration  Ice            0%         4d7       100%        7
 Spellforged Servitor     Conj/Summ      0%         N/A       100%        7
 Storm Form               Tmut/Air       0%         N/A       100%        7


Dungeon Overview and Level Annotations

Branches:
Dungeon (4/15)
 Temple: D:4-7

Altars:

Shops:
D:3 ?


Innate Abilities, Weirdness & Mutations

You are immune to sickness and miasma.
Your stone body is resilient. (AC +4)
You are immune to poison.
You resist negative energy. (rN+)
You are resistant to electric shocks. (rElec)
You are resistant to unholy torment.
You are immune to petrification.


Message History

You see here a +0 scale mail.
You see here a hobgoblin corpse.
You see here a hobgoblin corpse.
You see here a +0 giant club.
r - 14 stones (gained 6)
You now have 73 gold pieces (gained 11).
An ogre comes into view. It is wielding a +0 giant club.
The ogre shouts!
You throw a javelin. The javelin pierces through the ogre.
The ogre is lightly wounded.
You throw a javelin. The javelin pierces through the ogre.
The ogre is moderately wounded.
You hit the ogre.
The ogre is moderately wounded.
The ogre hits you with a +0 giant club!!
Ouch! That really hurt!
You hit the ogre.
The ogre is moderately wounded.
The ogre hits you with a +0 giant club.
You hit the ogre.
The ogre is heavily wounded.
The ogre hits you with a +0 giant club!
* * * LOW HITPOINT WARNING * * *
You hit the ogre.
The ogre is heavily wounded.
You hit the ogre but do no damage.
The ogre is heavily wounded.
The ogre closely misses you.
You hit the ogre.
The ogre is severely wounded.
The ogre barely misses you.
You barely miss the ogre.
The ogre is severely wounded.
The ogre barely misses you.
You hit the ogre but do no damage.
The ogre is severely wounded.
You sock the ogre!
The ogre is almost dead.
The ogre hits you with a +0 giant club!
You die...

#.#..########
#.#..### ###
#.#.... .(.
#######.##.## #.#
...........# #.#
#######.########.#
#..........#.#
#.#.######.#O#
#.###.#.#...##.#@#
#.........#.##.#.#
......#.#........#
#######........###
#.#...##.#
#.###.##.# ###
######


You could see an ogre.

Vanquished Creatures
  An ogre (D:4)
  A black bear (D:4)
  2 hounds (D:4)
  Ijyb (D:3)
  An iguana (D:3)
  Robin (D:3)
  2 adders
  A worm (D:2)
  4 ball pythons
  4 bats
  4 endoplasms
  4 giant cockroaches
  12 hobgoblins
  6 quokkas
  3 frilled lizards (D:1)
  9 goblins
  9 kobolds
  3 rats
68 creatures vanquished.

Vanquished Creatures (others)
  A goblin (D:3)
  6 plants (D:2)
  4 withered plants (D:2)
11 creatures vanquished.

Grand Total: 79 creatures vanquished

Notes
Turn   | Place    | Note
-------+----------+-------------------------------------------
     0 | D:1      | xian the Gargoyle Gladiator began the quest for the Orb.
     0 | D:1      | Reached XP level 1. HP: 12/12 MP: 1/1
   294 | D:1      | Reached XP level 2. HP: 17/17 MP: 2/2
   892 | D:1      | Reached XP level 3. HP: 20/21 MP: 3/3
   897 | D:1      | You fall into a shaft and drop 1 floor!
  1413 | D:2      | Reached skill level 4 in Maces & Flails
  1535 | D:2      | Found a faded altar of an unknown god.
  2025 | D:3      | Reached XP level 4. HP: 27/27 MP: 4/4
  2080 | D:3      | Reached skill level 1 in Armour
  2089 | D:3      | Noticed Robin
  2119 | D:3      | Killed Robin
  2277 | D:3      | Found Qoffonoz's Magic Scroll Shop.
  2285 | D:3      | Bought a scroll of identify for 28 gold pieces
  2285 | D:3      | Bought a scroll of identify for 28 gold pieces
  2324 | D:3      | Noticed Ijyb
  2354 | D:3      | Killed Ijyb
  2355 | D:3      | Reached XP level 5. HP: 23/31 MP: 5/5
  3222 | D:4      | Noticed an ogre
  3256 | D:4      | Noticed a black bear
  3262 | D:4      | Reached skill level 5 in Maces & Flails
  3265 | D:4      | Killed a black bear
  3266 | D:4      | Reached XP level 6. HP: 25/36 MP: 6/6
  3544 | D:4      | Slain by an ogre

Illustrated notes

Levels and vault maps discovered:
D:1:      sevenhm_arrival_forest_fort_small_5, layout_basic
D:2:      layout_basic, shapermc_ecumenical_altar_flowoftime
D:3:      layout_basic, serial_shops, nicolae_diamond_shop, uniq_ijyb,
          uniq_robin
D:4:      nicolae_cairo_tiling, layout_basic, grunt_tough_drop

Skill      XL: |  1  2  3  4  5 |
---------------+----------------+-----
Throwing       | 2 |  2.4
Maces & Flails | 4 5 |  5.7
Armour         | 1 2 |  2.6
Dodging        | 3 |  3.1
Fighting       | |  2.9
Stealth        | |  0.3

Action                   |  1- 3 |  4- 6 || total
-------------------------+-------+-------++-------
Melee: Flail             |   142 |   107 ||   249
       Punch             |     2 |     1 ||     3
Throw: Javelin           |     2 |    14 ||    16
       Stone             |    13 |     6 ||    19
       Throwing net      |       |     1 ||     1
  Use: Scroll            |       |     6 ||     6
       Potion            |       |     1 ||     1
 Stab: Held in net/web   |       |     1 ||     1
Armor: Leather armour    |    10 |       ||    10
       Chain mail        |    93 |   132 ||   225
Dodge: Dodged            |    77 |    68 ||   145
